 Dungeon Crawl Stone Soup version 0.23.2-1-ga50397a (webtiles) character file.

Game seed: 9928027227477322647

10135 doot the Unseen (level 11, -6/75 HPs)
             Began as a Vampire Enchanter on May 5, 2019.
             Was a Priest of Kikubaaqudgha.
             Mangled by a cyan ugly thing (16 damage)
             ... on level 11 of the Dungeon.
             The game lasted 00:37:00 (12614 turns).

doot the Unseen (Vampire Enchanter)                Turns: 12614, Time: 00:37:01

Health: -6/75      AC:  5    Str:  7    XL:     11   Next: 32%
Magic:  8/22       EV: 22    Int: 19    God:    Kikubaaqudgha [***...]
Gold:   423        SH:  6    Dex: 24    Spells: 8/25 levels left

rFire    . . .     SeeInvis +   a - +1 dagger (drain)
rCold    . . .     Gourm    .   j - +0 buckler
rNeg     . . .     Faith    .   E - +1 robe of Parlour Games {Dex+4}
rPois    .         Spirit   .   u - +0 helmet
rElec    .         Reflect  .   (no cloak)
rCorr    .         Harm     .   (no gloves)
MR       +....                  z - +0 pair of boots
Stlth    ++++++....             (no amulet)
HPRegen  0.42/turn              n - +6 ring of evasion
MPRegen  0.18/turn              C - +3 ring of dexterity

@: regenerating quickly, studying Shields
A: fangs 3, see invisible, unbreathing
a: Receive Corpses, Renounce Religion


You were on level 11 of the Dungeon.
You worshipped Kikubaaqudgha.
Kikubaaqudgha was most pleased with you.
You were full.

You visited 2 branches of the dungeon, and saw 12 of its levels.
You also visited: Sewer and Bailey.

You collected 423 gold pieces.

Inventory:

Hand Weapons
 a - a +1 dagger of draining (weapon)
 b - a +0 blowgun
 F - a +0 dagger of venom
 J - a +0 triple crossbow
 M - the +6 trident of the Two Names {protect, rElec}
   (You found it on level 10 of the Dungeon)

   It protects the one who uses it against injury (+AC on strike).
   It insulates you from electricity.
Missiles
 G - 7 curare-tipped needles
 H - 48 poisoned needles
Armour
 j - a +0 buckler (worn)
 u - a +0 helmet (worn)
 z - a +0 pair of boots (worn)
 E - the +1 robe of Parlour Games (worn) {Dex+4}
   (You found it on level 8 of the Dungeon)

   It affects your dexterity (+4).
Magical Staves
 y - an uncursed staff of cold
Jewellery
 n - a +6 ring of evasion (left hand)
 q - an uncursed ring of wizardry
 A - an uncursed ring of ice
 C - a +3 ring of dexterity (right hand)
 N - an uncursed ring of protection from magic {unknown}
Wands
 t - a wand of iceblast (10)
 x - a wand of acid (5)
 B - a wand of random effects (22)
 D - a wand of flame (89)
Scrolls
 c - 10 scrolls of identify
 f - 7 scrolls of teleportation
 i - 5 scrolls of amnesia {unknown}
 k - 7 scrolls of remove curse
 l - 4 scrolls of enchant weapon {unknown}
 p - 3 scrolls of random uselessness {unknown}
 r - a scroll of fear {unknown}
 s - a scroll of blinking {unknown}
 v - a scroll of magic mapping {unknown}
 K - a scroll of fog {unknown}
 L - a scroll of brand weapon {unknown}
Potions
 d - 15 potions of blood
 e - a potion of agility {unknown}
 g - 5 potions of heal wounds
 h - 2 potions of brilliance
 m - 11 potions of curing
 o - 5 potions of degeneration {unknown}
 I - a potion of magic {unknown}
Books
 w - a manual of Shields


   Skills:
 + Level 3.3 Fighting
 + Level 5.5 Short Blades
 + Level 0.3 Polearms
 + Level 5.0 Dodging
 + Level 15.0 Stealth
 + Level 2.1 Shields
 + Level 7.5 Spellcasting
 + Level 10.9 Hexes
 * Level 2.4 Necromancy
 + Level 6.4 Ice Magic
 + Level 0.7 Evocations


You had 8 spell levels left.
You knew the following spells:

 Your Spells              Type           Power        Failure   Level  Hunger
a - Corona                Hex            #####..      1%          1    None
b - Ensorcelled Hibernat  Hex/Ice        #####.       1%          2    None
c - Confuse               Hex            #####...     1%          3    #......
d - Tukima's Dance        Hex            #####...     1%          3    #......
e - Pain                  Necr           ###.         4%          1    None
f - Regeneration          Chrm/Necr      ##........   22%         3    #......
g - Animate Dead          Necr           N/A          41%         4    ###....

Your spell library contained the following spells:

 Spells                   Type           Power        Failure   Level  Hunger
 Confusing Touch          Hex            #####.       1%          1    None
 Dazzling Spray           Conj/Hex       ####..       3%          3    #......
 Animate Skeleton         Necr           N/A          4%          1    None
 Sublimation of Blood     Necr           ###.......   7%          2    None
 Metabolic Englaciation   Hex/Ice        #####.....   10%         5    #####..
 Vampiric Draining        Necr           ###.......   14%         3    #......
 Yara's Violent Unravell  Hex/Tmut       ####......   34%         5    #####..
 Gell's Gravitas          Tloc           #.........   36%         3    #......
 Petrify                  Tmut/Erth      #.......     77%         4    ###....
 Agony                    Necr           ###.....     77%         5    #####..
 Dispel Undead            Necr           ###.....     77%         5    #####..
 Bolt of Draining         Conj/Necr      ##........   91%         5    #####..
 Borgnjor's Vile Clutch   Necr/Erth      ##........   91%         5    #####..
 Simulacrum               Ice/Necr       ###.......   97%         6    ######.


Dungeon Overview and Level Annotations

Branches:
Dungeon (11/15)            Temple (1/1) D:5            Lair (0/6) D:9
    Orc: D:9-12

Altars:
Ashenzari
Cheibriados
Dithmenos
Elyvilon
Fedhas
Gozag
Hepliaklqana
Kikubaaqudgha
Makhleb
Nemelex Xobeh
Okawaru
Ru
Sif Muna
Trog
Uskayaw
Vehumet
Wu Jian
Xom
Yredelemnul
Zin
The Shining One

Annotations:
D:11 Enish's ghost, novice SpAr


Innate Abilities, Weirdness & Mutations

Your natural rate of healing is unusually fast.
You have razor-sharp teeth.
You have supernaturally acute eyesight. (SInv)
You can survive without breathing.


Message History

The arrow closely misses you.
You hear a shout!
You see here an arrow.
The centaur hits the centaur but does no damage.
The centaur shoots an arrow.
You block the arrow.
You see here an arrow.
The centaur shoots an arrow.
The arrow completely misses you. The cyan ugly thing engulfs you!
The cyan ugly thing shocks you!
* * * LOW HITPOINT WARNING * * *
You hear a shout!
The centaur shoots an arrow.
You block the arrow.
You see here an arrow.
The centaur shoots an arrow.
The arrow misses you.
The centaur shoots an arrow.
The arrow misses you.
There is a stone staircase leading up here.
The cyan ugly thing engulfs you!
* * * LOW HITPOINT WARNING * * *
The cyan ugly thing shocks you!
You die...
Kikubaaqudgha rasps: "You have failed me!
Welcome... oblivion!"

.##.# ..#.## ..
.....# #. .....# #.
.....## #. ......#
#########.
......###.........#
....#..#.........(##
....##.#........@..##
...###.........cu(..#
..## #.........c(...#
..# ##...........((##
.## #..........c(..#
.# #.(........cc.##
.. ##...........(.#
..##..........(..## .
...#............(# .c


You could see a cyan ugly thing and 5 centaurs.

Vanquished Creatures
  2 two-headed ogres
  Pikel (D:7)
  An ugly thing (D:11)
  Joseph (D:7)
  A kobold demonologist (D:9)
  2 trolls
  A wraith (D:10)
  A wyvern (D:11)
  Eustachio (D:5)
  10 yaks
  3 hungry ghosts
  Menkaure (D:7)
  A soldier ant (D:10)
  Duvessa (D:7)
  2 porcupines (D:9)
  An ice beast (D:5)
  3 sky beasts
  3 orc warriors
  3 slaves (D:7)
  2 black bears
  A necrophage (D:8)
  2 phantoms (D:9)
  An ogre (D:8)
  7 centaurs
  4 crocodiles (D:9)
  5 big kobolds
  2 bullfrogs
  Dowan (D:7)
  4 scorpions
  2 howler monkeys (D:8)
  2 centaur zombies
  4 crimson imps
  A bullfrog zombie (D:6)
  6 orc priests
  2 centaur skeletons
  4 hounds
  2 jellies
  2 bullfrog skeletons
  5 iguanas
  Terence (D:3)
  5 orc wizards
  5 worker ants
  A howler monkey zombie (D:8)
  Robin (D:4)
  7 gnolls
  A howler monkey skeleton (D:4)
  11 adders
  A shadow imp (D:7)
  An ooze (D:1)
  3 dart slugs
  A worm (D:6)
  10 leopard geckos
  19 orcs
  5 ball pythons
  5 giant cockroaches
  13 goblins
  9 hobgoblins
  22 jackals
  22 kobolds
  4 quokkas
  6 bats
  8 frilled lizards
  A leopard gecko skeleton (D:5)
  5 rats
265 creatures vanquished.

Vanquished Creatures (others)
  A plant (D:9)
1 creature vanquished.

Grand Total: 266 creatures vanquished

Notes
Turn   | Place    | Note
-------+----------+-------------------------------------------
     0 | D:1      | doot the Vampire Enchanter began the quest for the Orb.
     0 | D:1      | Reached XP level 1. HP: 13/13 MP: 3/3
  1040 | D:1      | Reached XP level 2. HP: 19/19 MP: 5/5
  1044 | D:1      | Learned a level 2 spell: Ensorcelled Hibernation
  1266 | D:1      | Reached skill level 5 in Hexes
  1370 | D:1      | Reached XP level 3. HP: 24/24 MP: 1/6
  2258 | D:1      | Learned a level 3 spell: Confuse
  2526 | D:1      | Reached skill level 5 in Stealth
  2742 | D:1      | Reached XP level 4. HP: 13/30 MP: 0/7
  3101 | D:2      | Found a blossoming altar of Fedhas.
  3266 | D:2      | Reached skill level 1 in Ice Magic
  3752 | D:3      | Noticed Terence
  3758 | D:3      | Killed Terence
  3758 | D:3      | Reached XP level 5. HP: 35/35 MP: 6/9
  3847 | D:3      | You fall through a shaft!
  4004 | D:4      | Found a glowing drain.
  4024 | Sewer    | Entered a sewer
  4575 | Sewer    | Learned a level 3 spell: Tukima's Dance
  5053 | D:4      | Found a hazy altar of Hepliaklqana.
  5053 | D:4      | Found a bloodstained altar of Trog.
  5053 | D:4      | Found a burning altar of Makhleb.
  5194 | D:4      | Noticed Robin
  5203 | D:4      | Reached XP level 6. HP: 42/42 MP: 2/10
  5363 | D:4      | Reached skill level 6 in Stealth
  5375 | D:4      | Found a radiant altar of Vehumet.
  5564 | D:5      | Entered Level 5 of the Dungeon
  5847 | D:4      | Killed Robin
  5908 | D:5      | Reached skill level 1 in Fighting
  5908 | D:5      | Reached XP level 7. HP: 48/48 MP: 9/12
  5921 | D:5      | Reached skill level 7 in Stealth
  5984 | D:5      | Noticed Eustachio
  5990 | D:5      | Killed Eustachio
  6051 | D:5      | Found a staircase to the Ecumenical Temple.
  6060 | Temple   | Entered the Ecumenical Temple
  6071 | Temple   | Became a worshipper of Kikubaaqudgha
  6225 | D:5      | Reached skill level 8 in Stealth
  6507 | D:6      | Reached XP level 8. HP: 54/54 MP: 14/14
  7079 | D:6      | Reached skill level 9 in Stealth
  7090 | D:6      | Reached * piety under Kikubaaqudgha
  7090 | D:6      | Identified Kikubaaqudgha's Collected Works on Black Rites
                  | (Kikubaaqudgha gifted it to you on level 6 of the Dungeon)
  7090 | D:6      | Received a gift from Kikubaaqudgha
  7102 | D:6      | Learned a level 1 spell: Pain
  7192 | D:6      | Noticed a two-headed ogre
  7570 | D:6      | Killed a two-headed ogre
  7570 | D:6      | Reached skill level 10 in Stealth
  7570 | D:6      | Reached XP level 9. HP: 22/62 MP: 7/16
  8248 | D:7      | Noticed Duvessa
  8258 | D:7      | Noticed Joseph
  8267 | D:7      | Noticed Dowan
  8278 | D:7      | Killed Duvessa
  8280 | D:7      | Killed Dowan
  8280 | D:7      | Reached skill level 5 in Spellcasting
  8412 | D:7      | Noticed Menkaure
  8618 | D:7      | Killed Menkaure
  8618 | D:7      | Reached skill level 1 in Shields
  8652 | D:7      | Killed Joseph
  8652 | D:7      | Reached skill level 11 in Stealth
  8728 | D:7      | Noticed Pikel
  8741 | D:7      | Killed Pikel
  8995 | D:8      | Reached skill level 5 in Ice Magic
  8998 | D:8      | Found an iron altar of Okawaru.
  9201 | D:8      | Got a tattered robe
  9212 | D:8      | Identified the +1 robe of Parlour Games {Dex+4} (You found
                  | it on level 8 of the Dungeon)
  9334 | D:8      | Noticed a two-headed ogre
  9350 | D:8      | Killed a two-headed ogre
  9350 | D:8      | Reached skill level 12 in Stealth
  9350 | D:8      | Reached XP level 10. HP: 70/70 MP: 15/19
  9446 | D:8      | Reached ** piety under Kikubaaqudgha
 10020 | D:9      | Reached skill level 13 in Stealth
 10031 | D:9      | Found a staircase to the Lair.
 10043 | D:9      | Reached skill level 10 in Hexes
 10238 | D:9      | Reached skill level 5 in Short Blades
 10405 | D:9      | Learned a level 3 spell: Regeneration
 10410 | D:9      | Learned a level 4 spell: Animate Dead
 10716 | D:9      | Reached skill level 14 in Stealth
 11110 | D:10     | Entered Level 10 of the Dungeon
 11131 | D:10     | Found a flagged portal.
 11140 | D:10     | Reached *** piety under Kikubaaqudgha
 11140 | D:10     | Identified Kikubaaqudgha's Tome of Dark Arts (Kikubaaqudgha
                  | gifted it to you on level 10 of the Dungeon)
 11140 | D:10     | Received a gift from Kikubaaqudgha
 11213 | Bailey   | Entered a bailey
 11312 | Bailey   | Reached XP level 11. HP: 33/75 MP: 14/21
 11928 | D:10     | Got an iridescent trident
 11929 | D:10     | Identified the +6 trident of the Two Names {protect, rElec}
                  | (You found it on level 10 of the Dungeon)
 12399 | D:11     | Noticed a cyan ugly thing
 12401 | D:11     | Killed a cyan ugly thing
 12401 | D:11     | Reached skill level 5 in Dodging
 12401 | D:11     | Reached skill level 1 in Necromancy
 12572 | D:11     | Noticed Enish's ghost (novice SpAr)
 12575 | D:11     | Noticed a cyan ugly thing
 12595 | D:11     | Reached skill level 15 in Stealth
 12614 | D:11     | Mangled by a cyan ugly thing

Skill      XL: |  1  2  3  4  5  6  7  8  9 10 11 |
---------------+----------------------------------+-----
Hexes          | 5 6 8 9 10 | 10.9
Stealth        | 5 6 8 10 12 14 15 | 15.0
Short Blades   | 2 3 4 5 |  5.5
Ice Magic      | 2 3 4 5 6 |  6.4
Spellcasting   | 3 4 6 7 |  7.5
Fighting       | 1 2 3 |  3.3
Dodging        | 3 4 5 |  5.0
Shields        | 1 2 |  2.1
Necromancy     | 2 |  2.4
Polearms       | |  0.3
Evocations     | |  0.7

Action                   |  1- 3 |  4- 6 |  7- 9 | 10-12 || total
-------------------------+-------+-------+-------+-------++-------
Melee: Dagger            |   120 |   131 |   158 |   206 ||   615
       Bite              |     4 |    10 |    14 |    21 ||    49
       Unarmed           |       |     4 |       |       ||     4
       Trident           |       |       |       |     4 ||     4
 Cast: Corona            |     7 |     8 |     1 |     2 ||    18
       Ensorcelled Hiber |    29 |    66 |    60 |    77 ||   232
       Confuse           |       |     7 |    11 |    17 ||    35
       Pain              |       |       |       |     6 ||     6
 Abil: End Transformatio |       |     4 |     1 |       ||     5
       Bat Form          |       |     4 |     1 |       ||     5
Evoke: Wand              |       |       |     5 |       ||     5
  Use: Potion            |    10 |    15 |    11 |    14 ||    50
       Scroll            |       |       |     3 |       ||     3
 Stab: Sleeping          |    26 |    41 |    49 |    65 ||   181
       Confused          |       |       |     6 |    10 ||    16
Armor: Robe              |    19 |    19 |    17 |    17 ||    72
Dodge: Dodged            |    96 |   158 |   109 |   205 ||   568
Block: Buckler           |       |       |    15 |    76 ||    91
